 Dungeon Crawl Stone Soup version 0.19-a0-1218-gcd7aee6 (webtiles) character file.

109 Arkorax the Chopper (level 4, -15/34 HPs)
             Began as a Demonspawn Gladiator on Aug 24, 2016.
             Demolished by a wandering mushroom (17 damage)
             ... created by the enmity of Fedhas Madash
             ... on level 3 of the Dungeon.
             The game lasted 00:02:03 (2188 turns).

Arkorax the Chopper (Demonspawn Gladiator)          Turns: 2188, Time: 00:02:03

Health: -15/34     AC:  5    Str: 16    XL:     4   Next: 59%
Magic:  4/4        EV: 13    Int: 10    God:
Gold:   182        SH:  2    Dex: 13    Spells: 0 memorised, 3 levels left

rFire  . . .     SeeInvis .     a - +0 war axe
rCold  . . .     Gourm    .     b - +0 leather armour
rNeg   . . .     Faith    .     (no shield)
rPois  .         Spirit   .     (helmet restricted)
rElec  .         Dismiss  .     (no cloak)
rCorr  .         Reflect  +     (no gloves)
MR     .....     Harm     .     (no boots)
Stlth  +.........               p - +2 amulet of reflection
                                (no ring)
                                (no ring)

@: no status effects
A: horns 1, icy blue scales 1
a: no special abilities


You were on level 3 of the Dungeon.
You were not hungry.

You visited 1 branch of the dungeon, and saw 3 of its levels.

You collected 182 gold pieces.

Inventory:

Hand Weapons
 a - a +0 war axe (weapon)
Missiles
 d - 3 throwing nets (quivered)
Armour
 b - a +0 leather armour (worn)
 c - a +0 helmet
Jewellery
 p - a +2 amulet of reflection (around neck)
Wands
 o - a wand of slowing (24/48)
Scrolls
 e - 2 scrolls of noise {unknown}
 g - a scroll of fog {unknown}
 j - 6 scrolls of identify {unknown}
 k - a scroll of teleportation {unknown}
 m - a scroll of enchant weapon {unknown}
 q - a scroll of blinking {unknown}
Potions
 h - a potion of curing {unknown}
 i - 2 potions of berserk rage {unknown}
 n - a potion of mutation {unknown}
 r - a potion of heal wounds {unknown}
Comestibles
 f - 4 bread rations
 l - 2 meat rations


   Skills:
 + Level 2.5 Fighting
 * Level 4.2 Axes
 - Level 1.7 Throwing
 + Level 3.3 Dodging


You had 3 spell levels left.
You didn't know any spells.

Dungeon Overview and Level Annotations

Branches:
Dungeon (3/15)

Altars:
Fedhas
Makhleb
The Shining One


Innate Abilities, Weirdness & Mutations

You have a pair of small horns on your head.
You are partially covered in icy blue scales. (AC +2)


Message History

The wandering mushroom misses you.
The wandering mushroom releases spores at you!
You are engulfed in a cloud of spores!
You slash the wandering mushroom!
The wandering mushroom is moderately damaged.
You hit the wandering mushroom but do no damage.
The wandering mushroom barely misses you.
The wandering mushroom releases spores at you!
* * * LOW HITPOINT WARNING * * *
You are engulfed in a cloud of spores!
You are confused.
The wandering mushroom releases spores at you.
* * * LOW HITPOINT WARNING * * *
You are engulfed in a cloud of spores!
The wandering mushroom misses you.
You're too confused to move!
You feel less confused.
The wandering mushroom closely misses you.
The wandering mushroom releases spores at you!
Ouch! That really hurt!
You die...

##### #.##.# #.# .....
#.##>## #.#
########.##..# ##.##
##........###)###...##
##.####...####..#
#.##.#.#.##
##...##.....###..#
#.#.#..##.#
####............##..#
#.##..##.##
#..............f##..#
#.###.#.## #.#
...........)@f..# #.#
#..## #.#
...##.....###.####.###.##
#<# #†#
##......<..........# #.#
#.# #....##.)##.#.#####
#.####†####.#.###..##.#.#
.............. #..##.#.#
#.##.#..###.#####..##.#.#
...#.##)##.........#.)..#
.#...##.................#


You could see 2 wandering mushrooms.

Vanquished Creatures
  4 adders
  A worm (D:3)
  A dart slug (D:2)
  A giant gecko (D:3)
  2 orcs (D:3)
  5 bats
  7 goblins
  8 hobgoblins
  6 jackals
  2 quokkas
  6 giant newts
  10 kobolds
  9 rats
62 creatures vanquished.

Notes
Turn   | Place    | Note
-------+----------+-------------------------------------------
     0 | D:1      | Arkorax the Demonspawn Gladiator began the quest for the Orb.
     0 | D:1      | Reached XP level 1. HP: 16/16 MP: 1/1
   214 | D:1      | Reached skill level 3 in Axes
   214 | D:1      | Gained mutation: You have a pair of small horns on your head. [demonic ancestry]
   214 | D:1      | Reached XP level 2. HP: 16/22 MP: 2/2
   379 | D:1      | Found a glowing golden altar of the Shining One.
   644 | D:2      | Found a faded altar of an unknown god.
   725 | D:2      | Found a burning altar of Makhleb.
   756 | D:2      | Became a worshipper of Fedhas Madash
   756 | D:2      | Reached * piety under Fedhas
   794 | D:2      | Fell from the grace of Fedhas
   931 | D:2      | Gained mutation: You are partially covered in icy blue scales. (AC +2) [demonic ancestry]
   931 | D:2      | Reached XP level 3. HP: 22/27 MP: 3/3
  1673 | D:3      | Reached XP level 4. HP: 30/33 MP: 4/4
  1730 | D:3      | Reached skill level 4 in Axes
  2183 | D:3      | Noticed a wandering mushroom
  2183 | D:3      | Noticed a wandering mushroom
  2188 | D:3      | Demolished by a wandering mushroom

Vault maps used:
D:1:      dpeg_arrival_leaves_temple_mockup, tso_metal_star
D:2:      nicolae_overflow_crystal_walls, serial_glass, glass_columns_b,
          glass_columns_c, glass_columns_b, glass_columns_b, ecumenical_altar_1
D:3:      corexii_corridor_pit

Skill      XL: |  1  2  3  4 |
---------------+-------------+-----
Axes           | 3 4 |  4.2
Dodging        | 3 |  3.3
Fighting       | |  2.5
Throwing       | |  1.7

Action                   |  1- 3 |  4- 6 || total
-------------------------+-------+-------++-------
Melee: War axe           |   126 |    67 ||   193
       Headbutt          |    15 |     5 ||    20
Invok: Renounce Religion |     1 |       ||     1
 Stab: Sleeping          |     1 |       ||     1
  Eat: Chunk             |     2 |       ||     2
       Bread ration      |     1 |       ||     1
Armor: Leather armour    |    39 |    23 ||    62
Dodge: Dodged            |   107 |    38 ||   145
Block: Other             |     4 |     3 ||     7
